 Dungeon Crawl Stone Soup version 0.22-b1-26-g9dbaab1 (webtiles) character file.

49 zishaf the Insei (level 3, -3/26 HPs)
             Began as a Vampire Transmuter on Aug 7, 2018.
             Splashed by a jelly's acid (5 damage)
             ... on level 1 of the Dungeon.
             The game lasted 00:02:10 (1094 turns).

zishaf the Insei (Vampire Transmuter)               Turns: 1094, Time: 00:02:10

Health: -3/26      AC:  3    Str: 10    XL:     3   Next: 53%
Magic:  6/6        EV: 12    Int: 15    God:
Gold:   29         SH:  0    Dex: 14    Spells: 5/6 levels left

rFire    . . .     SeeInvis +     - Unarmed
rCold    . . .     Gourm    .   (no shield)
rNeg     . . .     Faith    .   h - +0 leather armour
rPois    .         Spirit   .   (no helmet)
rElec    .         Reflect  .   (no cloak)
rCorr    .         Harm     .   (no gloves)
MR       .....                  (no boots)
Stlth    +.........             e - amulet of inaccuracy (curse)
HPRegen  0.28/turn              (no ring)
MPRegen  0.10/turn              (no ring)

@: regenerating quickly
A: fangs 3, see invisible, unbreathing
a: no special abilities


You were on level 1 of the Dungeon.
You were full.

You visited 1 branch of the dungeon, and saw 1 of its levels.

You collected 29 gold pieces.

Inventory:

Missiles
 a - 12 arrows
Armour
 b - a +0 robe
 h - a +0 leather armour (worn)
Jewellery
 e - a cursed amulet of inaccuracy (around neck)
Scrolls
 g - a scroll of enchant weapon {unknown}
Potions
 c - a potion of curing {unknown}
 d - 3 potions of blood
 f - a potion of mutation {unknown}


   Skills:
 + Level 1.6 Fighting
 + Level 2.9 Dodging
 + Level 3.8 Unarmed Combat
 - Level 2.0 Spellcasting
 + Level 2.8 Transmutations


You had 5 spell levels left.
You knew the following spells:

 Your Spells              Type           Power        Failure   Level  Hunger
a - Beastly Appendage     Tmut           ##....       10%         1    #......

Your spell library contained the following spells:

 Spells                   Type           Power        Failure   Level  Hunger
 Spider Form              Tmut/Pois      #.........   45%         3    ###....
 Blade Hands              Tmut           ##........   95%         5    ######.
 Ice Form                 Ice/Tmut       #.......     86%         4    #####..
 Sticks to Snakes         Tmut           ##......     14%         2    ###....


Dungeon Overview and Level Annotations

Branches:
Dungeon (1/15)

Altars:


Innate Abilities, Weirdness & Mutations

Your natural rate of healing is unusually fast.
You have razor-sharp teeth.
You have supernaturally acute eyesight. (SInv)
You can survive without breathing.


Message History

You hit the ooze.
The ooze is severely wounded.
The ooze hits you but does no damage.
You barely miss the ooze.
The ooze is severely wounded.
The ooze hits you.
You hit the ooze.
You kill the ooze!
You hit the jelly.
Your hands burn!
The jelly is lightly wounded.
The jelly hits you but does no damage.
You hit the jelly.
Your hands burn!
The jelly is heavily wounded.
The jelly hits you but does no damage.
You barely miss the jelly.
The jelly is heavily wounded.
The jelly hits you.
You are splashed with acid!
The acid burns!
* * * LOW HITPOINT WARNING * * *
You hit the jelly.
Your hands burn!
You die...

#..#.........r.. #...'...........
##.# ..$..... #..##..........#
#.#######'#######..##..........#
#.#.............#..........#.#..
#.+⌠....###....⌠'..##........#..
##.#......<......#..##.#....#.#..
#..#..⌠...>...⌠..#.###.#....#.#..
#..###+#######r###.# #.#.##.#....
#.............JJ@..# #.#.##.#....
#..............##### #.#.##.#...)
##.###########.#.#####.#.##.#....
.......................#.........
+#.##########..#............#####
..............###################
....#########....................
....# #.################### ....#
#.# #........## #


You could see a jelly, an ooze and a rat.

Vanquished Creatures
  5 oozes (D:1)
  A dart slug (D:1)
  3 bats (D:1)
  3 giant cockroaches (D:1)
  3 goblins (D:1)
  2 hobgoblins (D:1)
  2 jackals (D:1)
  A frilled lizard (D:1)
  2 kobolds (D:1)
  5 rats (D:1)
27 creatures vanquished.

Notes
Turn   | Place    | Note
-------+----------+-------------------------------------------
     0 | D:1      | zishaf the Vampire Transmuter began the quest for the Orb.
     0 | D:1      | Reached XP level 1. HP: 14/14 MP: 3/3
     1 | D:1      | Found a runed door.
     1 | D:1      | Noticed a jelly
   239 | D:1      | Reached skill level 1 in Fighting
   604 | D:1      | Reached XP level 2. HP: 21/21 MP: 5/5
  1050 | D:1      | Reached XP level 3. HP: 20/26 MP: 6/6
  1094 | D:1      | Splashed by a jelly's acid

Skill      XL: |  1 |
---------------+----+-----
Fighting       | 1 |  1.6
Dodging        | |  2.9
Unarmed Combat | |  3.8
Spellcasting   | |  2.0
Transmutations | |  2.8

Action                   || total
-------------------------++-------
Melee: Unarmed           ||   134
       Bite              ||     5
       Punch             ||     2
  Use: Potion            ||     5
 Stab: Sleeping          ||     1
Armor: Robe              ||    15
       Leather armour    ||    15
Dodge: Dodged            ||    72
